 Dungeon Crawl Stone Soup version 0.30.0-29-ga12c61a403 (webtiles) character file.

Game seed: 17489955752819075656

12754 Dadbod the Geomancer (level 12, 0/129 HPs)
             Began as a Formicid Earth Elementalist on June 4, 2023.
             Was a High Priest of Cheibriados.
             Slain by a skeletal warrior
             ... wielding a +0 glaive
              (22 damage)
             ... on level 11 of the Dungeon.
             The game lasted 01:27:56 (12744 turns).

Dadbod the Geomancer (Formicid Earth Elementalist) Turns: 12744, Time: 01:27:56

Health: 0/129      AC: 26    Str: 29    XL:     12   Next: 24%
Magic:  0/25       EV:  2    Int: 43    God:    Cheibriados [*****.]
Gold:   27         SH:  0    Dex: 25    Spells: 4/30 levels left

rFire   + . .        a - staff of fire
rCold   . . .        (no shield)
rNeg    . . .        u - melded +0 acid dragon scales
rPois   +            (helmet unavailable)
rElec   .            v - melded +2 cloak
rCorr   .            e - melded +0 pair of gloves
SInv    .            (boots currently unavailable)
Will    +....        (no amulet)
Stlth   ++++         g - +6 ring of intelligence
HPRegen 0.41/turn    c - +6 ring of intelligence
MPRegen 0.19/turn

%: no passive effects
@: mighty, tree-form, very slow
A: stationary, stasis, torment immunity, boosted hp, permanent stasis, dig
shafts and tunnels, (antennae 3), four strong arms, strong 1, evolution 1
a: Renounce Religion, Bend Time, Temporal Distortion, Slouch, Step From Time


You were on level 11 of the Dungeon.
You worshipped Cheibriados.
Cheibriados was extremely pleased with you.
You were a tree.
You visited 2 branches of the dungeon, and saw 12 of its levels.
You also visited: Bailey.

You collected 961 gold pieces.
You spent 934 gold pieces at shops.

Inventory:

Hand Weapons
 m - a +5 whip of holy wrath
 w - a +0 dagger of venom
Missiles
 n - 2 throwing nets
 r - 6 curare-tipped darts
Armour
 e - a +0 pair of gloves (melded)
 u - +0 acid dragon scales (melded)
 v - a +2 cloak (melded)
Magical Staves
 a - a staff of fire (weapon)
Jewellery
 c - a +6 ring of intelligence (right branch)
 d - a +6 ring of dexterity
 g - a +6 ring of intelligence (left branch)
 p - a ring of protection from cold
 q - a +6 ring of strength
 s - a ring of flight
Wands
 o - a wand of flame (6)
 z - a wand of mindburst (7)
Scrolls
 k - 4 scrolls of fog
 t - a scroll of magic mapping
 y - a scroll of torment
 B - a scroll of brand weapon
Potions
 b - 3 potions of flight
 f - 2 potions of attraction
 h - a potion of lignification
 i - a potion of heal wounds
 j - 3 potions of curing
 l - a potion of cancellation
 x - a potion of resistance


   Skills:
 * Level 5.1 Fighting
 - Level 2.4(3.3) Maces & Flails
 * Level 3.3(3.8) Staves
 * Level 5.1 Armour
 * Level 4.7 Dodging
 * Level 6.5 Stealth
 * Level 9.8 Spellcasting
 - Level 4.1 Conjurations
 - Level 4.3 Hexes
 * Level 4.3 Transmutations
 - Level 2.0 Air Magic
 - Level 10.0 Earth Magic
 * Level 6.2 Poison Magic
 * Level 3.2 Invocations


You had 4 spell levels left.
You knew the following spells:

 Your Spells              Type           Power      Damage    Failure   Level
a - Sandblast             Erth           100%       2d20      1%          1
b - Stone Arrow           Conj/Erth      100%       3d13      1%          3
c - Petrify               Tmut/Erth      70%        N/A       1%          4
d - Eringya's Noxious Bo  Tmut/Pois      30%        N/A       26%         6
e - Passwall              Tmut/Erth      58%        N/A       1%          2
f - Confusing Touch       Hex            56%        N/A       1%          3
g - Mephitic Cloud        Conj/Pois/Air  54%        N/A       1%          3
h - Olgreb's Toxic Radia  Pois           66%        N/A       1%          4

Your spell library contained the following spells:

 Spells                   Type           Power      Damage    Failure   Level
 Kiss of Death            Conj/Necr      100%       2d13      1%          1
 Momentum Strike          Conj/Tloc      78%        3d10      1%          2
 Poisonous Vapours        Pois/Air       100%       N/A       1%          2
 Static Discharge         Conj/Air       94%        2-6/arc   1%          2
 Dazzling Flash           Conj/Hex       100%       N/A       1%          3
 Lesser Beckoning         Tloc           42%        N/A       2%          2
 Volatile Blastmotes      Fire/Tloc      62%        2d15      4%          3
 Airstrike                Air            19%        2d(3-19)  6%          4
 Iskenderun's Mystic Bla  Conj/Tloc      39%        2d9       6%          4
 Summon Lightning Spire   Summ/Air       30%        N/A       10%         4
 Dispel Undead            Necr           21%        3d11      14%         4
 Freezing Cloud           Conj/Ice/Air   19%        6-21      17%         5
 Summon Forest            Summ/Tloc      10%        N/A       38%         5
 Starburst                Conj/Fire      27%        6d9       67%         6
 Summon Hydra             Summ           10%        N/A       100%        7
 Discord                  Hex            28%        N/A       100%        8
 Ignition                 Fire           15%        3d6       100%        8
 Blink                    Tloc           Unusable   N/A       N/A         2

Dungeon Overview and Level Annotations

Branches:
Dungeon (11/15)            Temple (1/1) D:5          Bailey (visited)
   Lair: D:8-11         Orc: D:9-12

Altars:
Ashenzari
Cheibriados
Dithmenos
Elyvilon
Fedhas
Gozag
Hepliaklqana
Kikubaaqudgha
Makhleb
Nemelex Xobeh
Okawaru
Qazlal
Ru
Sif Muna
Trog
Uskayaw
Vehumet
Wu Jian
Xom
Yredelemnul
Zin
The Shining One

Shops:
D:1 *   D:4 =*   D:5 :


Innate Abilities, Weirdness & Mutations

You are a tree.
Your roots penetrate the ground, keeping you stationary.
You cannot be teleported.
You are immune to unholy pain and torment.
Your maximum health is greatly increased.
Your equipment is partially melded.
You cannot be hasted, slowed, berserked, paralysed or teleported.
You can dig through walls and to a lower floor.
((You have a pair of large antennae on your head. (SInv)))
Your four strong arms can wield two-handed weapons with a shield.
Your muscles are strong. (Str +4, Int/Dex -1)
You have hidden genetic potential.


Message History

Press: ? - help, Shift-Dir - straight line, f/p - skeletal warrior
Aim: a skeletal warrior, wielding a +0 mace (lightly damaged, 85% to hit)
The blast of sand hits the skeletal warrior.
The skeletal warrior is almost destroyed.
The skeletal warrior hits you but does no damage. x2
Unknown command.
Casting: Sandblast (safe; 1% risk of failure)
Confirm with . or Enter, or press ? or * to list all spells.
Aiming: Sandblast (safe; 1% risk of failure)
Press: ? - help, Shift-Dir - straight line, f/p - skeletal warrior
Aim: a skeletal warrior, wielding a +0 mace (lightly damaged, 85% to hit)
The blast of sand hits the skeletal warrior but does no damage.
The skeletal warrior is almost destroyed.
The skeletal warrior barely misses you.
Unknown command.
You feel much better.
The skeletal warrior hits you but does no damage.
You feel very mighty all of a sudden.
The skeletal warrior hits you but does no damage.
You barely miss the skeletal warrior.
The skeletal warrior is almost destroyed.
The skeletal warrior hits you but does no damage.
You completely miss the skeletal warrior.
The skeletal warrior is almost destroyed.
The skeletal warrior hits you from afar with a +0 glaive!
The skeletal warrior hits you with a +0 battleaxe.
Casting: Sandblast (safe; 1% risk of failure)
Confirm with . or Enter, or press ? or * to list all spells.
Aiming: Sandblast (safe; 1% risk of failure)
Press: ? - help, Shift-Dir - straight line, f/p - skeletal warrior
Aim: a skeletal warrior, wielding a +0 mace (lightly damaged, 85% to hit)
The blast of sand hits the skeletal warrior but does no damage.
The skeletal warrior is severely damaged.
The skeletal warrior hits you from afar with a +0 glaive.
The skeletal warrior hits you with a +0 battleaxe!
* * * LOW HITPOINT WARNING * * *
The skeletal warrior hits you with a +0 battleaxe!
* * * LOW HITPOINT WARNING * * *
The skeletal warrior hits you from afar with a +0 glaive!!
You die...

#...#########.....#.##....<..
#.##.....# #.z..†#.##{##....
#.##.###.# #.....z.........#
#....###.####.z...##.####.#.#
####...............#.........
#.###.#####...#.# ###...#
######.###.# #...#.# ##>..
#..........#####z..#.# ####
###.###.#..#..♣zzz...#
#.#.).#..#.#########
#.#...#..#.# #.#...#....#
#.#.####.### #.#.#<...#
#...###### #####


You could see 4 skeletal warriors.

Vanquished Creatures
  2 vault guards (Bailey)
  A hydra (D:10)
  2 two-headed ogres
  A boulder beetle (D:11)
  A skeletal warrior (D:11)
  Lodul (D:10)
  A deep elf pyromancer (D:8)
  A gargoyle (D:11)
  Sigmund (D:6)
  2 shadows (D:10)
  A wraith (D:11)
  4 humans (Bailey)
  A steam dragon (D:7)
  2 water moccasins
  Duvessa (D:6)
  3 acid dragons
  A black bear (D:5)
  2 orc warriors
  A sky beast (D:8)
  An ice beast (D:8)
  3 centaurs
  10 ogres
  2 kobold brigands (D:9)
  A phantom (D:6)
  2 elf zombies (D:4)
  Blork the orc (D:6)
  15 bullfrogs
  An elf skeleton (D:4)
  A scorpion (D:5)
  4 wights (D:6)
  Dowan (D:6)
  8 killer bees
  9 electric eels
  3 howler monkeys
  2 lava snakes (D:7)
  4 orc priests
  A gnoll bouda (D:6)
  5 hounds
  2 human skeletons (D:4)
  A sleepcap (D:6)
  Crazy Yiuf (D:7)
  5 iguanas
  8 orc wizards
  6 gnolls
  9 adders
  A shadow imp (D:6)
  A white imp (D:6)
  An ufetubus (D:5)
  A worm (D:2)
  10 dart slugs
  26 orcs
  9 ball pythons
  2 bats
  10 endoplasms
  3 giant cockroaches
  13 goblins
  10 hobgoblins
  8 jackals
  5 quokkas
  19 kobolds
  An orc skeleton (D:4)
  6 rats
261 creatures vanquished.

Vanquished Creatures (collateral kills)
  Prince Ribbit (Bailey)
  A human (Bailey)
2 creatures vanquished.

Grand Total: 263 creatures vanquished

Notes
Turn   | Place    | Note
-------+----------+-------------------------------------------
     0 | D:1      | Dadbod the Formicid Earth Elementalist began the quest for
                  | the Orb.
     0 | D:1      | Reached XP level 1. HP: 13/13 MP: 3/3
    23 | D:1      | Reached XP level 2. HP: 18/19 MP: 0/5
    40 | D:1      | Reached skill level 4 in Earth Magic
   247 | D:1      | Reached XP level 3. HP: 24/24 MP: 4/6
   787 | D:1      | Found Cyasib's General Store.
   790 | D:1      | Bought a scroll of identify for 24 gold pieces
  1258 | D:2      | Reached XP level 4. HP: 30/30 MP: 4/8
  1336 | D:2      | Learned a level 3 spell: Stone Arrow
  1416 | D:2      | Learned a level 4 spell: Petrify
  1774 | D:2      | Found a glowing silver altar of Zin.
  2140 | D:3      | Found a hide-covered altar of Uskayaw.
  2172 | D:3      | Found a radiant altar of Vehumet.
  3054 | D:4      | Reached XP level 5. HP: 36/36 MP: 5/9
  3144 | D:4      | Found a blossoming altar of Fedhas.
  3197 | D:4      | Reached skill level 5 in Earth Magic
  3263 | D:4      | Reached skill level 1 in Fighting
  3263 | D:4      | Reached XP level 6. HP: 43/43 MP: 7/11
  3502 | D:4      | Found Ceprihaq's Mayhem Merchandise.
  3578 | D:4      | Found a glowing silver altar of Zin.
  3594 | D:4      | Found a broken altar of Ashenzari.
  3696 | D:4      | Found Heked's Jewellery Shop.
  3734 | D:4      | Reached skill level 1 in Armour
  3762 | D:4      | Reached XP level 7. HP: 46/48 MP: 2/13
  4050 | D:5      | Entered Level 5 of the Dungeon
  4054 | D:5      | Reached skill level 6 in Earth Magic
  4118 | D:5      | Reached skill level 1 in Conjurations
  4331 | D:5      | Found an iron altar of Okawaru.
  4425 | D:5      | Found Okog's Book Shoppe.
  4466 | D:5      | Reached XP level 8. HP: 57/57 MP: 12/15
  4911 | D:5      | Found a staircase to the Ecumenical Temple.
  4919 | Temple   | Entered the Ecumenical Temple
  4971 | Temple   | Became a worshipper of Cheibriados the Contemplative
  5229 | D:6      | Reached skill level 5 in Spellcasting
  5368 | D:6      | Noticed Blork the orc
  5374 | D:6      | Killed Blork the orc
  5375 | D:6      | Reached skill level 1 in Maces & Flails
  5432 | D:6      | Noticed Duvessa
  5432 | D:6      | Noticed Dowan
  5436 | D:6      | Killed Duvessa
  5437 | D:6      | Killed Dowan
  5438 | D:6      | Reached skill level 7 in Earth Magic
  5477 | D:6      | Reached * piety under Cheibriados
  5570 | D:6      | Reached XP level 9. HP: 63/63 MP: 11/17
  5773 | D:6      | Learned a level 6 spell: Eringya's Noxious Bog
  5789 | D:6      | Reached skill level 1 in Poison Magic
  5999 | D:6      | Noticed Sigmund
  6002 | D:6      | Killed Sigmund
  6409 | D:6      | Learned a level 2 spell: Passwall
  6486 | D:7      | Reached skill level 8 in Earth Magic
  6991 | D:7      | Reached ** piety under Cheibriados
  7193 | D:7      | Reached skill level 1 in Invocations
  7439 | D:7      | Found a runed translucent door.
  7440 | D:7      | Noticed Crazy Yiuf
  7444 | D:7      | Killed Crazy Yiuf
  7587 | D:7      | Reached XP level 10. HP: 52/71 MP: 16/20
  7998 | D:8      | Learned a level 3 spell: Confusing Touch
  8048 | D:8      | Reached skill level 1 in Hexes
  8167 | D:8      | Found a hazy altar of Hepliaklqana.
  8304 | D:8      | Reached skill level 5 in Stealth
  8385 | D:8      | Reached skill level 5 in Poison Magic
  8425 | D:8      | Noticed a deep elf pyromancer
  8442 | D:8      | Killed a deep elf pyromancer
  8680 | D:8      | Found a burning altar of Makhleb.
  8966 | D:9      | Reached *** piety under Cheibriados
  8975 | D:9      | Reached skill level 9 in Earth Magic
  9366 | D:5      | Bought a book of Vapours for 312 gold pieces
  9370 | D:5      | Learned a level 3 spell: Mephitic Cloud
  9448 | D:9      | Reached skill level 1 in Air Magic
  9665 | D:9      | Reached **** piety under Cheibriados
  9951 | D:10     | Entered Level 10 of the Dungeon
  9951 | D:10     | Found a flagged portal.
  9959 | Bailey   | Entered a bailey
 10008 | Bailey   | Reached skill level 1 in Staves
 10199 | Bailey   | Reached XP level 11. HP: 77/77 MP: 7/23
 10427 | Bailey   | Noticed a vault guard
 10434 | Bailey   | Killed a vault guard
 10435 | Bailey   | Noticed Prince Ribbit
 10440 | Bailey   | Noticed a vault guard
 10448 | Bailey   | Killed Prince Ribbit
 10448 | Bailey   | Killed a vault guard
 10724 | Bailey   | Gained mutation: Your muscles are strong. (Str +4, Int/Dex
                  | -1) [potion of mutation]
 10724 | Bailey   | Gained mutation: You have hidden genetic potential. [potion
                  | of mutation]
 10757 | D:10     | Noticed Lodul
 10763 | D:10     | Killed Lodul
 10763 | D:10     | Reached ***** piety under Cheibriados
 10984 | D:10     | Noticed a two-headed ogre
 10992 | D:10     | Killed a two-headed ogre
 11171 | D:10     | Noticed a four-headed hydra
 11189 | D:10     | Killed a four-headed hydra
 11190 | D:10     | Reached skill level 10 in Earth Magic
 11710 | D:10     | Found a white marble altar of Elyvilon.
 12019 | D:4      | Bought the Unrestrained Analects for 598 gold pieces
 12024 | D:4      | Learned a level 4 spell: Olgreb's Toxic Radiance
 12143 | D:11     | Noticed a two-headed ogre
 12150 | D:11     | Killed a two-headed ogre
 12151 | D:11     | Reached skill level 5 in Armour
 12151 | D:11     | Reached XP level 12. HP: 61/85 MP: 15/25
 12359 | D:11     | Noticed a boulder beetle
 12367 | D:11     | Noticed a skeletal warrior
 12369 | D:11     | Noticed a skeletal warrior
 12371 | D:11     | Noticed a skeletal warrior
 12374 | D:11     | Noticed a skeletal warrior
 12610 | D:11     | Killed a boulder beetle
 12611 | D:11     | Reached skill level 5 in Fighting
 12683 | D:11     | Noticed a skeletal warrior
 12697 | D:11     | Killed a skeletal warrior
 12744 | D:11     | Slain by a skeletal warrior

Illustrated notes

Levels and vault maps discovered:
D:1:      minmay_arrival_four_circles, layout_basic, serial_shops,
          nicolae_shop_window_shopping
D:2:      layout_basic, basic_altar, hangedman_abyss_or_decor_stabs
D:3:      layout_loops_corners, nicolae_uskayaw_dance_hall, fiery_altar_vehumet
D:4:      layout_gridville, fedhas_altar_4, mainiacjoe_overflow_swirl,
          nicolae_ossuary_entry_catacombs, minmay_shop_mayhem,
          minmay_shop_enchanted_jewellery
D:5:      nicolae_cairo_tiling_large, layout_loops_corners,
          mainiacjoe_overflow_small_starburst,
          minmay_temple_entry_enclosed_plants, serial_shops,
          nicolae_diamond_shop
D:6:      kennysheep_slugbush, layout_basic, roderic_cross_of_infinity,
          minmay_misc_feat_rows, dk_noncrumbling_4, kennysheep_donut,
          uniq_blork_the_orc, uniq_duvessa, uniq_sigmund
D:7:      layout_rooms, kennysheep_cross_room, kennysheep_boxes,
          uniq_crazy_yiuf_cottage
D:8:      layout_basic, nzn_hepliaklqana_mist_gate, kennysheep_mini,
          minmay_three_doors
D:9:      wander_river, layout_rooms
D:10:     layout_irregular_city, mainiacjoe_overflow_catwalk, enter_bailey_2,
          minivault_25, uniq_lodul
D:11:     minmay_sliced_demisemicircle, layout_basic, david_lair_shrubbed,
          nicolae_trove_entry_path_of_doom, zin_purify
Temple:   nicolae_temple_ecumenical_triangle

Skill      XL: |  1  2  3  4  5  6  7  8  9 10 11 12 |
---------------+-------------------------------------+-----
Dodging        | 2 3 4 |  4.7
Earth Magic    | 4 5 6 7 8 9 10 | 10.0
Spellcasting   | 3 4 5 6 8 9 |  9.8
Stealth        | 3 4 5 6 |  6.5
Fighting       | 1 2 3 4 5 |  5.1
Armour         | 1 2 3 4 5 |  5.1
Conjurations   | 2 4 |  4.1
Transmutations | 2 3 4 |  4.3
Maces & Flails | 1 2 |  2.4
Poison Magic   | 4 5 6 |  6.2
Invocations    | 1 2 3 |  3.2
Hexes          | 3 4 |  4.3
Air Magic      | 2 |  2.0
Staves         | 2 3 |  3.3

Action                     |  1- 3 |  4- 6 |  7- 9 | 10-12 || total
---------------------------+-------+-------+-------+-------++-------
  Melee: Unarmed           |     9 |       |       |       ||     9
         Whip              |       |       |     7 |       ||     7
         Staff             |       |       |       |    26 ||    26
   Cast: Sandblast         |    54 |    70 |   117 |   109 ||   350
         Stone Arrow       |       |       |    13 |    92 ||   105
         Confusing Touch   |       |       |       |     4 ||     4
         Mephitic Cloud    |       |       |       |    11 ||    11
         Petrify           |       |       |       |     4 ||     4
         Passwall          |       |       |       |     2 ||     2
    Use: Potion            |     1 |     4 |     1 |     9 ||    15
         Scroll            |     1 |    12 |     4 |     6 ||    23
 Armour: Robe              |     5 |       |       |       ||     5
         Leather armour    |       |    11 |    11 |     3 ||    25
         Skin              |       |       |     4 |     6 ||    10
         Acid dragon scale |       |       |       |    51 ||    51
  Dodge: Dodged            |    23 |     3 |    16 |    74 ||   116
